 Dungeon Crawl Stone Soup version 0.30.0-10-gfe55d96785 (webtiles) character file.

Game seed: 5023586623134065925

51 GigaChad the Trooper (level 3, -2/33 HPs)
             Began as a Minotaur Fighter on May 16, 2023.
             Slain by Sigmund
             ... wielding a +3 scythe of protection
              (7 damage)
             ... on level 3 of the Dungeon.
             The game lasted 00:01:28 (1840 turns).

GigaChad the Trooper (Minotaur Fighter)             Turns: 1840, Time: 00:01:28

Health: -2/33      AC: 10    Str: 22    XL:     3   Next: 58%
Magic:  2/2        EV:  8    Int:  5    God:
Gold:   138        SH:  4    Dex:  9    Spells: 2/2 levels left

rFire   . . .        a - +1 war axe
rCold   . . .        c - +0 buckler
rNeg    . . .        i - +1 chain mail
rPois   .            (helmet restricted)
rElec   .            (no cloak)
rCorr   .            (no gloves)
SInv    .            (no boots)
Will    .....        (no amulet) Stlth
                     (no ring)
HPRegen 0.25/turn    (no ring)
MPRegen 0.08/turn

%: no passive effects
@: no status effects
A: horns 2, retaliatory headbutt
a: no special abilities


You were on level 3 of the Dungeon.
You visited 1 branch of the dungeon, and saw 3 of its levels.

You collected 138 gold pieces.

Inventory:

Hand Weapons
 a - a +1 war axe (weapon)
Armour
 b - a +0 scale mail
 c - a +0 buckler (worn)
 i - a +1 chain mail (worn)
Jewellery
 h - a ring of poison resistance
Scrolls
 e - 2 scrolls of teleportation
 j - a scroll of blinking {unknown}
 m - a scroll of poison {unknown}
Potions
 d - a potion of might
 f - a potion of attraction {unknown}
 g - 2 potions of haste {unknown}
 k - a potion of heal wounds {unknown}
 l - a potion of flight {unknown}


   Skills:
 * Level 4.2 Fighting
 * Level 3.2 Axes
 * Level 4.1 Armour
 * Level 4.2 Shields


You had 2 spell levels left.
You didn't know any spells.
Your spell library contained the following spells:

 Spells                   Type           Power      Damage    Failure   Level
 Olgreb's Toxic Radiance  Pois           0%         N/A       100%        4
 Discord                  Hex            0%         N/A       100%        8
 Ignition                 Fire           0%         3d3       100%        8


Dungeon Overview and Level Annotations

Branches:
Dungeon (3/15)

Altars:

Shops:
D:1 !

Annotations:
D:3 Sigmund


Innate Abilities, Weirdness & Mutations

You have a pair of horns on your head.
You reflexively headbutt those who attack you in melee.


Message History

Unknown command.
You are too injured to fight recklessly!
Unknown command.
You are too injured to fight recklessly!
You slash Sigmund! Your headbutt misses Sigmund.
Sigmund is almost dead.
Sigmund zaps a wand.
You block the puff of flame.
Unknown command.
Unknown command.
You closely miss Sigmund.
Sigmund is almost dead.
Sigmund closely misses you.
Unknown command.
You closely miss Sigmund.
Sigmund is almost dead.
Sigmund barely misses you. You furiously retaliate!
You headbutt Sigmund.
Unknown command.
You closely miss Sigmund.
Sigmund is almost dead.
Sigmund misses you. You furiously retaliate!
You headbutt Sigmund. You hit Sigmund. Your headbutt misses Sigmund.
Sigmund is almost dead.
Unknown command.
You barely miss Sigmund.
Sigmund is almost dead.
Sigmund hits you with a +3 scythe of protection!
* * * LOW HITPOINT WARNING * * *
Unknown command.
Unknown command.
You closely miss Sigmund.
Sigmund is almost dead.
Sigmund barely misses you.
You hit Sigmund.
Sigmund is almost dead.
Sigmund closely misses you.
Unknown command.
You hit Sigmund but do no damage.
Sigmund is almost dead.
Sigmund hits you with a +3 scythe of protection!
You die...

##
...#
.8.#
...
###.#
##..#
#@..#
#@8†#
#...#
##<##
###


You could see Sigmund.

Vanquished Creatures
  2 adders
  5 endoplasms
  2 giant cockroaches
  2 goblins
  3 hobgoblins (D:2)
  2 jackals (D:1)
  2 kobolds (D:1)
  2 quokkas
  4 ball pythons
  A bat (D:1)
  6 rats
31 creatures vanquished.

Notes
Turn   | Place    | Note
-------+----------+-------------------------------------------
     0 | D:1      | GigaChad the Minotaur Fighter began the quest for the Orb.
     0 | D:1      | Reached XP level 1. HP: 19/19 MP: 0/0
   159 | D:1      | Found Zumy's Distillery.
   286 | D:1      | Reached XP level 2. HP: 27/27 MP: 1/1
  1290 | D:2      | Reached XP level 3. HP: 33/33 MP: 2/2
  1821 | D:3      | Noticed Sigmund
  1840 | D:3      | Slain by Sigmund

Illustrated notes

Levels and vault maps discovered:
D:1:      minmay_arrival_widening_spiral_wide, layout_loops_corners,
          serial_shops, nicolae_shop_hallway_stairs
D:2:      layout_loops_corners, minmay_misc_feat_roman
D:3:      layout_basic, fedhas_altar_2, mainiacjoe_overflow_cross_hatched,
          grunt_ministairs_4, wad_orctagon, uniq_jessica, uniq_sigmund

Skill      XL: |  1  2  3 |
---------------+----------+-----
Shields        | 4 |  4.2
Fighting       | 4 |  4.2
Armour         | 4 |  4.1
Axes           | 3 |  3.2

Action                     || total
---------------------------++-------
  Melee: War axe           ||    77
         Headbutt          ||     5
    Use: Scroll            ||     5
 Armour: Scale mail        ||     5
         Chain mail        ||    28
  Dodge: Dodged            ||    29
  Block: Buckler           ||    14
